 Dungeon Crawl Stone Soup version 0.29.1-1-gd02db69 (webtiles) character file.

Game seed: 15663862628872894118

7292 Timinator the Martial Artist (level 10, -3/97 HPs)
             Began as a Demigod Transmuter on Dec 22, 2022.
             Slain by a skeletal warrior
             ... wielding a +0 war axe
              (22 damage)
             ... on level 8 of the Dungeon.
             The game lasted 00:41:05 (13669 turns).

Timinator the Martial Artist (Demigod Transmuter)  Turns: 13669, Time: 00:41:06

Health: -3/97      AC:  7    Str: 15    XL:     10   Next: 59%
Magic:  17/21      EV: 17    Int: 15    God:
Gold:   388        SH:  5    Dex: 22    Spells: 12/19 levels left

rFire   . . .      SeeInvis .     - Unarmed
rCold   + + +      Faith    .   (shield currently unavailable)
rNeg    . . .      Spirit   .   (body armour currently unavailable)
rPois   +          Reflect  +   (helmet currently unavailable)
rElec   .          Harm     .   (cloak currently unavailable)
rCorr   .          Rampage  .   (gloves currently unavailable)
Will    +....                   (boots currently unavailable)
Stlth   ++........              v - amulet of reflection
HPRegen 0.26/turn               y - +4 ring of evasion
MPRegen 0.17/turn               z - ring of protection from fire

@: ice-form, wereblooded
A: freezing attack, amphibious, boosted hp, large, high MP 1, forlorn, divine
attributes
a: End Transformation


You were on level 8 of the Dungeon.
You were a creature of crystalline ice.
You visited 1 branch of the dungeon, and saw 8 of its levels.
You also visited: Sewer.

You collected 544 gold pieces.
You spent 156 gold pieces at shops.

Inventory:

Armour
 n - a +0 cloak (melded)
 q - the +0 pair of boots of Heuthuyl (melded) {Dex+3}
   (You found it on level 5 of the Dungeon)

   Dex:       It affects your dexterity (+3).
 u - a +1 ring mail of poison resistance (melded)
 w - a +0 pair of gloves (melded)
Jewellery
 v - an amulet of reflection (around neck)
 y - a +4 ring of evasion (left front paw)
 z - a ring of protection from fire (right front paw)
Wands
 a - a wand of flame (60)
 c - a wand of quicksilver (7)
 f - a wand of charming (11)
 h - a wand of polymorph (10)
Scrolls
 b - a scroll of amnesia
 d - 2 scrolls of immolation {unknown}
 j - a scroll of enchant weapon {unknown}
 k - a scroll of enchant armour {unknown}
 l - a scroll of fog {unknown}
 m - a scroll of torment {unknown}
Potions
 g - 2 potions of brilliance
 o - a potion of curing
 p - a potion of mutation
 r - a potion of cancellation
 s - a potion of flight


   Skills:
 * Level 5.3 Fighting
 - Level 3.0 Armour
 * Level 5.8 Dodging
 - Level 0.3 Shields
 * Level 9.5 Unarmed Combat
 + Level 5.1 Spellcasting
 * Level 7.2 Transmutations
 * Level 2.6 Ice Magic


You had 12 spell levels left.
You knew the following spells:

 Your Spells              Type           Power      Damage    Failure   Level
a - Beastly Appendage     Tmut           50%        N/A       1%          1
b - Wereblood             Tmut           25%        N/A       1%          2
c - Ice Form              Ice/Tmut       18%        N/A       22%         4

Your spell library contained the following spells:

 Spells                   Type           Power      Damage    Failure   Level
 Sting                    Tmut/Pois      56%        1d5       3%          1
 Spider Form              Tmut/Pois      14%        N/A       11%         3
 Ignite Poison            Fire/Tmut/Pois 11%        N/A       19%         3
 Petrify                  Tmut/Erth      14%        N/A       36%         4
 Animate Dead             Necr           3%         N/A       85%         4
 Haunt                    Necr/Summ      1%         N/A       100%        7
 Infestation              Necr           1%         N/A       100%        8


Dungeon Overview and Level Annotations

Branches:
Dungeon (8/15)             Temple (0/1) D:7           Sewer (visited)
   Lair: D:8-11

Shops:
D:6 [


Innate Abilities, Weirdness & Mutations

You are a creature of crystalline ice.
You have a powerful freezing melee attack.
You are amphibious.
Your maximum health is increased.
Your armour is entirely melded.
You are incapable of wielding weapons or throwing items.
You have an increased reservoir of magic. (+10% MP)
You shall have no god before yourself.
Your divine heritage dramatically boosts your attributes as you level up.


Message History

There is a stone staircase leading down here.
Casting: Beastly Appendage (safe; 1% risk of failure)
Confirm with . or Enter, or press ? or * to list all spells.
You turn into a creature of crystalline ice.
Your +0 cloak melds into your body.
Your +0 pair of gloves melds into your body.
The +0 pair of boots of Heuthuyl {Dex+3} melds into your body.
Your +1 ring mail of poison resistance melds into your body.
You no longer feel resistant to poison.
Casting: Ice Form (dangerous; 22% risk of failure)
Confirm with . or Enter, or press ? or * to list all spells.
Your blood is infused with primal strength.
You climb downwards.
You block the skeletal warrior's attack.
The skeletal warrior hits you with a +0 war axe!
There is a stone staircase leading up here.
You hit the skeletal warrior but do no damage.
The skeletal warrior barely misses you.
You hit the skeletal warrior but do no damage.
The skeletal warrior hits you with a +0 war axe!!
You hit the skeletal warrior but do no damage.
You punch the skeletal warrior! You freeze the skeletal warrior.
The skeletal warrior is moderately damaged.
The skeletal warrior hits you with a +0 war axe!!
You punch the skeletal warrior! You freeze the skeletal warrior.
The skeletal warrior is moderately damaged.
The skeletal warrior closely misses you.
You hit the skeletal warrior but do no damage.
The skeletal warrior is moderately damaged.
The skeletal warrior completely misses you.
You hit the skeletal warrior but do no damage.
The skeletal warrior is moderately damaged.
The skeletal warrior hits you with a +0 war axe!!
* * * LOW HITPOINT WARNING * * *
You pummel the skeletal warrior!! You freeze the skeletal warrior.
The skeletal warrior is almost destroyed.
You hit the skeletal warrior.
The skeletal warrior is almost destroyed.
The skeletal warrior hits you with a +0 war axe!!
You die...

###)##### #....z..#
###z#### #.#######
##..#### #.# ...## #z#
#### #.######## #
########## #........# #
###........###..#####.#
# #......###.##...####
#.#.##....zY.......#
#.#.######.##.[.##.....
#.#.......)###..# ##.#
####.########## #..#
#........# #..#####.
#.##.###.# ##........
#.##.# #.# ##...######
#.##.###.# ##.....##
#.##.##..# ##.......##


You could see a skeletal warrior.

Vanquished Creatures
  A centaur warrior (D:8)
  A two-headed ogre (D:7)
  A manticore (D:8)
  An ugly thing (D:8)
  A gargoyle (D:8)
  An unseen horror (D:8)
  A komodo dragon (D:8)
  Grinder (D:3)
  A wyvern (D:7)
  Sigmund (D:3)
  3 orc warriors
  2 ice beasts
  2 sky beasts
  3 black bears
  2 ogres
  4 centaurs
  2 phantoms
  A kobold brigand (D:7)
  A gnoll sergeant (D:7)
  4 bullfrogs
  6 scorpions
  A necrophage (D:4)
  6 wights (D:8)
  10 killer bees (D:7)
  A howler monkey (D:5)
  4 hounds
  An orc priest (D:7)
  Jessica (D:2)
  3 iguanas
  3 orc wizards
  Robin (D:2)
  28 gnolls
  13 adders
  A river rat (D:3)
  3 shadow imps
  2 white imps
  An ufetubus (D:6)
  2 worms
  5 dart slugs
  35 orcs
  12 ball pythons
  2 endoplasms
  10 giant cockroaches
  18 goblins
  11 hobgoblins
  20 jackals
  5 quokkas
  8 bats
  11 frilled lizards
  12 kobolds
  16 rats
286 creatures vanquished.

Vanquished Creatures (others)
  2 fungi (D:5)
  11 plants
13 creatures vanquished.

Grand Total: 299 creatures vanquished

Notes
Turn   | Place    | Note
-------+----------+-------------------------------------------
     0 | D:1      | Timinator the Demigod Transmuter began the quest for the
                  | Orb.
     0 | D:1      | Reached XP level 1. HP: 15/15 MP: 5/5
     6 | D:1      | Noticed a swamp drake
     6 | D:1      | Noticed a snapping turtle
     8 | D:1      | Noticed a water moccasin
    90 | D:1      | Reached skill level 1 in Fighting
   215 | D:1      | Reached XP level 2. HP: 22/23 MP: 5/7
   256 | D:1      | Reached skill level 3 in Unarmed Combat
   927 | D:1      | Reached XP level 3. HP: 28/28 MP: 8/8
  1126 | D:1      | Learned a level 2 spell: Wereblood
  1692 | D:2      | Noticed Robin
  1698 | D:2      | Killed Robin
  1708 | D:2      | Reached skill level 1 in Armour
  1723 | D:2      | Reached XP level 4. HP: 26/35 MP: 8/10
  2192 | D:2      | Noticed a phantom
  2204 | D:2      | Killed a phantom
  2205 | D:2      | Reached XP level 5. HP: 33/41 MP: 6/11
  2307 | D:2      | Noticed Jessica
  2314 | D:2      | Killed Jessica
  2777 | D:3      | Noticed Sigmund
  2784 | D:3      | Killed Sigmund
  2785 | D:3      | Reached XP level 6. HP: 45/48 MP: 10/13
  3109 | D:3      | Found a glowing drain.
  3113 | Sewer    | Entered a sewer
  3631 | Sewer    | Reached skill level 4 in Unarmed Combat
  4138 | D:3      | Reached XP level 7. HP: 5/56 MP: 12/14
  4631 | D:3      | Identified the +8 whip "Izxo" {freeze, rPois rF- rN+}
  4924 | D:3      | Noticed Grinder
  4943 | D:3      | Killed Grinder
  6526 | D:5      | Entered Level 5 of the Dungeon
  6613 | D:5      | Reached XP level 8. HP: 46/63 MP: 14/16
  6797 | D:5      | Reached skill level 5 in Unarmed Combat
  7177 | D:5      | Identified the +0 pair of boots of Heuthuyl {Dex+3}
  7883 | D:5      | Reached skill level 5 in Transmutations
  8208 | D:5      | Reached skill level 6 in Unarmed Combat
  9237 | D:6      | Reached XP level 9. HP: 62/71 MP: 18/18
  9547 | D:6      | Found Esmininkyd's Armour Emporium.
  9557 | D:6      | Bought a +1 ring mail of poison resistance for 156 gold
                  | pieces
  9943 | D:7      | Got the Volume of Changing and the Rocks
 10048 | D:7      | Reached skill level 7 in Unarmed Combat
 10232 | D:7      | Found a staircase to the Ecumenical Temple.
 10906 | D:7      | Reached skill level 5 in Dodging
 10979 | D:7      | Learned a level 4 spell: Ice Form
 10979 | D:7      | Noticed a two-headed ogre
 10993 | D:7      | Killed a two-headed ogre
 10994 | D:7      | Reached skill level 8 in Unarmed Combat
 11054 | D:7      | Reached skill level 1 in Ice Magic
 12207 | D:8      | Reached XP level 10. HP: 60/80 MP: 17/20
 12211 | D:8      | Noticed a two-headed ogre
 12558 | D:8      | Noticed a centaur warrior
 12559 | D:8      | Noticed a green ugly thing
 12571 | D:8      | Killed a centaur warrior
 12572 | D:8      | Reached skill level 5 in Fighting
 12580 | D:8      | Killed a green ugly thing
 12581 | D:8      | Reached skill level 9 in Unarmed Combat
 12581 | D:8      | Reached skill level 5 in Spellcasting
 12715 | D:8      | Noticed a manticore
 12722 | D:8      | Killed a manticore
 12731 | D:8      | Noticed a skeletal warrior
 13314 | D:8      | Noticed a two-headed ogre
 13326 | D:8      | Noticed a skeletal warrior
 13669 | D:8      | Slain by a skeletal warrior

Illustrated notes

Levels and vault maps discovered:
D:1:      onia_arrival_zoo_common, layout_basic,
          shapermc_ecumenical_altar_mp_ritualfount
D:2:      layout_loops_ring, minmay_rat_gold_closets, uniq_robin, uniq_jessica
D:3:      layout_basic, gup_sewer_entry_bowl, hex_large, serial_bayou_pond_e,
          chequers_jeans, roderic_serpentine_path, uniq_grinder, uniq_sigmund
D:4:      layout_loops_ring, minitemple, guppyfry_early_lair_pool
D:5:      lemuel_castle_with_subvaults [lemuel_castle_interior_carwin_1],
          layout_loops_corners, mainiacjoe_overflow_brackets,
          mainiacjoe_overflow_catwalk, grunt_decor_clamped
D:6:      layout_loops_ring, serial_shops, kennysheep_little_box,
          roderic_lattice_a
D:7:      layout_layer_cave, grunt_dithmenos_smoke_and_mirrors,
          amcnicky_altar_gilded, minmay_temple_entry_glass, eino_jars
D:8:      hangedman_cross_veins, layout_loops_corners, uniq_grum

Skill      XL: |  1  2  3  4  5  6  7  8  9 10 |
---------------+-------------------------------+-----
Fighting       | 1 2 3 4 5 |  5.3
Dodging        | 2 3 4 5 |  5.8
Unarmed Combat | 3 4 6 8 9 |  9.5
Transmutations | 2 3 4 5 6 7 |  7.2
Spellcasting   | 2 3 4 5 |  5.1
Armour         | 1 2 3 |  3.0
Ice Magic      | 1 2 |  2.6
Shields        | |  0.3

Action                   |  1- 3 |  4- 6 |  7- 9 | 10-12 || total
-------------------------+-------+-------+-------+-------++-------
Melee: Unarmed           |   124 |   179 |   479 |   128 ||   910
       Kick              |    29 |    44 |   156 |    43 ||   272
       Headbutt          |    12 |    20 |    94 |    41 ||   167
       Punch             |     4 |    10 |    23 |     7 ||    44
 Cast: Beastly Appendage |    20 |    37 |    72 |    14 ||   143
       Wereblood         |     1 |     3 |    19 |     5 ||    28
       Ice Form          |       |       |       |     1 ||     1
  Use: Potion            |     1 |     2 |     4 |     3 ||    10
       Scroll            |       |     4 |     8 |     4 ||    16
 Stab: Sleeping          |       |     3 |     1 |       ||     4
Armor: Robe              |    19 |    10 |       |       ||    29
       Skin              |     2 |       |     2 |       ||     4
       Leather armour    |       |    22 |     4 |       ||    26
       Ring mail         |       |       |   119 |    35 ||   154
Dodge: Dodged            |    82 |   111 |   296 |    67 ||   556
Block: Other             |       |       |    52 |    24 ||    76
       Reflection        |       |       |     4 |     3 ||     7
